 Dungeon Crawl Stone Soup version 0.32-a0-20-ge526923d97 (webtiles) character file.

Game seed: 43589134595165783

41 croobank the Sneak (level 3, -2/29 HPs)
             Began as a Human Delver on Jan 17, 2024.
             Slain by an orc wizard
             ... wielding a +0 dagger
              (3 damage)
             ... on level 4 of the Dungeon.
             The game lasted 00:10:15 (763 turns).

croobank the Sneak (Human Delver)                    Turns: 763, Time: 00:10:16

Health: -2/29      AC:  3    Str: 12    XL:     3   Next: 52%
Magic:  3/3        EV: 12    Int: 12    God:
Gold:   19         SH:  0    Dex: 14    Spells: 2/2 levels left

rFire   . . .        a - +0 short sword
rCold   . . .        (no shield)
rNeg    . . .        b - +0 leather armour
rPois   .            (no helmet)
rElec   .            (no cloak)
rCorr   .            (no gloves)
SInv    .            (no boots)
Will    .....        (no amulet)
Stlth   +            (no ring)
HPRegen 0.24/turn    (no ring)
MPRegen 0.08/turn

%: no passive effects
@: confused
A: explore regen
a: no special abilities


You were on level 4 of the Dungeon.
You visited 1 branch of the dungeon, and saw 2 of its levels.

You collected 19 gold pieces.

Inventory:

Hand Weapons
 a - a +0 short sword (weapon)
Armour
 b - a +0 leather armour (worn)
Wands
 g - a wand of digging (3)
Scrolls
 d - a scroll of identify {unknown}
 h - a scroll of teleportation


   Skills:
 + Level 3.3 Fighting
 + Level 2.5 Short Blades
 + Level 2.5 Dodging
 + Level 5.3 Stealth


You had 2 spell levels left.
You didn't know any spells.
Your spell library was empty.

Dungeon Overview and Level Annotations

Branches:
Dungeon (5/15)             Temple (0/1) D:5

Altars:


Innate Abilities, Weirdness & Mutations

You regain HP and MP as you explore.


Message History

The orc wizard is moderately wounded.
The orc wizard completely misses you. Something hits you but does no damage.
You closely miss something.
The orc wizard hits you with a +0 dagger.
Something completely misses you. Something hits you.
You bump into the rock wall.
The orc wizard casts a spell at you. The puff of flame misses you.
Something hits you but does no damage. The orc hits you with a +0 club.
Something hits you.
You barely miss something. Your punch misses something.
The orc wizard gestures wildly while chanting.
The orc wizard flickers and vanishes!
You hear some strange, mumbled words.
A puff of flame appears from out of thin air!
The puff of flame misses you. Something hits you. The orc barely misses you.
The orc wizard gestures at you while chanting.
You hit something. Something hits you. x2
* * * LOW HITPOINT WARNING * * *
The orc hits you with a +0 club.
* * * LOW HITPOINT WARNING * * *
Something hits you.
* * * LOW HITPOINT WARNING * * *
You bump into the rock wall.
You hear some strange, mumbled words.
You are more confused.
Something completely misses you.
You hear some strange, mumbled words.
You are more confused.
The orc closely misses you.
The orc wizard points at you and mumbles some strange words.
You closely miss something. Something hits you.
* * * LOW HITPOINT WARNING * * *
The orc barely misses you. Something hits you but does no damage.
You're too confused to move!
Something closely misses the orc wizard.
Something hits you but does no damage. Something hits you.
* * * LOW HITPOINT WARNING * * *
The orc completely misses you.
You closely miss something. Something hits you.
You die...

#....Jr#......... ..
..[....#........###..
#......#.............
######.#.............
....W................
..........#..........
..........#....#####
.B........#..oo#####.#
..........####J{@....#
..........#
##o{{......
..........# #.........
.......... ...#....##.
#...#......
#...#.......
#>..#.......


You could see an orc wizard, 2 orcs and an endoplasm.

Vanquished Creatures
  A hound (D:4)
  4 orcs
  An endoplasm (D:4)
  2 goblins (D:4)
  A kobold (D:4)
9 creatures vanquished.

Notes
Turn   | Place    | Note
-------+----------+-------------------------------------------
     0 | D:5      | croobank the Human Delver began the quest for the Orb.
     0 | D:5      | Reached XP level 1. HP: 18/18 MP: 1/1
    39 | D:5      | Noticed an orc wizard
    54 | D:5      | Noticed an orc priest
   105 | D:4      | Noticed a hound
   106 | D:4      | Noticed an orc priest
   118 | D:4      | Killed a hound
   119 | D:4      | Reached XP level 2. HP: 12/24 MP: 2/2
   119 | D:4      | Reached XP level 3. HP: 15/29 MP: 3/3
   732 | D:4      | Noticed a phantom
   738 | D:4      | Noticed an ogre
   762 | D:4      | HP: 1/29 [something (1)]
   763 | D:4      | Slain by an orc wizard

Illustrated notes

Levels and vault maps discovered:
D:4:      layout_basic, gammafunk_ghost_arena
D:5:      nicolae_cairo_tiling, layout_loops_cross,
          minmay_temple_entry_enclosed_plants, minmay_holes

Action                     || total
---------------------------++-------
  Melee: Short sword       ||   101
    Use: Scroll            ||     5
         Potion            ||     1
   Stab: Sleeping          ||     2
 Armour: Leather armour    ||    55
  Dodge: Dodged            ||    59

Table legend: (Time is in decaauts)
 A = Elapsed time spent in this place.
 B = Non-inter-level travel time spent in this place.
 C = Inter-level travel time spent in this place.
 D = Time resting spent in this place.
 E = Time spent auto-exploring this place.
 F = Levels seen in this place.
 G = Mean time per level.
                   A        B        C        D        E       F      G
               +--------+--------+--------+--------+--------+-----+--------+
         Total |    731 |    731 |      0 |    493 |     28 |   2 |  365.5 |
       Dungeon |    731 |    731 |      0 |    493 |     28 |   2 |  365.5 |
               +--------+--------+--------+--------+--------+-----+--------+

Top non-repeatable levels by time:
     D:4: 652 daAuts
     D:5: 79 daAuts
